 Dungeon Crawl Stone Soup version 0.28-b1-25-g9875b3fc8c (webtiles) character file.

Game seed: 7762528231672293893

42 Fractals the Vandal (level 3, -5/29 HPs)
             Began as a Human Hunter on Feb 3, 2022.
             Slain by a gnoll (9 damage)
             ... on level 1 of the Dungeon.
             The game lasted 00:02:20 (1381 turns).

Fractals the Vandal (Human Hunter)                  Turns: 1381, Time: 00:02:21

Health: -5/29      AC:  3    Str: 12    XL:     3   Next: 80%
Magic:  3/3        EV: 12    Int: 11    God:
Gold:   53         SH:  0    Dex: 15    Spells: 2/2 levels left

rFire   . . .      SeeInvis .   j - +1 flail (drain)
rCold   . . .      Faith    .   (no shield)
rNeg    . . .      Spirit   .   c - +0 leather armour
rPois   .          Reflect  .   (no helmet)
rElec   .          Harm     .   (no cloak)
rCorr   .          Rampage  .   (no gloves)
Will    .....                   (no boots)
Stlth   ++........              (no amulet)
HPRegen 0.09/turn               (no ring)
MPRegen 0.08/turn               (no ring)

@: no status effects
A: no striking features
a: no special abilities


You were on level 1 of the Dungeon.
You visited 1 branch of the dungeon, and saw 2 of its levels.

You collected 53 gold pieces.

Inventory:

Hand Weapons
 a - a +1 hunting sling
 j - a +1 flail of draining (weapon)
Missiles
 d - 35 sling bullets
 e - 15 stones
Armour
 c - a +0 leather armour (worn)
Magical Staves
 h - a staff of death
Scrolls
 f - a scroll of identify {unknown}
Potions
 g - a potion of invisibility {unknown}
 i - a potion of flight {unknown}


   Skills:
 - Level 3.0 Fighting
 - Level 4.0 Slings
 + Level 0.0 Armour
 - Level 2.0 Dodging
 + Level 2.6 Stealth


You had 2 spell levels left.
You didn't know any spells.
Your spell library was empty.

Dungeon Overview and Level Annotations

Branches:
Dungeon (2/15)

Altars:


Message History

You barely miss the gnoll.
The gnoll is heavily wounded.
The gnoll hits you with a +0 whip.
* * * LOW HITPOINT WARNING * * *
The gnoll closely misses you.
You hit the gnoll.
The gnoll is severely wounded.
The gnoll barely misses you.
You hit the gnoll.
You kill the gnoll!
Your Fighting skill increases to level 3!
Things that are here:
a +0 whip; a gnoll corpse; an adder corpse Unknown command.
You start resting.
HP restored.
Things that are here:
a +0 whip; a gnoll skeleton; an adder skeleton
There is a stone staircase leading down, spattered with blood here.
e - 15 stones (gained 1)
There is a stone staircase leading down, spattered with blood here.
You climb downwards.
The gnoll hits you from afar with a +0 spear.
The gnoll hits you with a +1 whip of freezing.
The gnoll freezes you.
The gnoll hits you from afar with a +0 spear.
The gnoll barely misses you.
There is a stone staircase leading up here.
The gnoll hits you from afar with a +0 spear.
The gnoll closely misses you.
You climb upwards.
There is a stone staircase leading down, spattered with blood here.
You hit the gnoll but do no damage.
The gnoll hits you with a +1 whip of freezing.
* * * LOW HITPOINT WARNING * * *
The gnoll freezes you.
* * * LOW HITPOINT WARNING * * *
You hit the gnoll but do no damage. The gnoll misses you.
The gnoll hits you with a +1 whip of freezing!
You die...

#....# ###......... #....#
#...........
#....###.#....§....
#..........§§§...≈≈
########.##§§..≈≈≈§
#.....##.#§§§§≈≈≈≈§
#...#.##.#.§..≈≈≈§§
#######............≈≈≈≈≈
#...)..@............≈≈§§
###.#####g.#..#.#......≈≈≈
#.......#..#..#.#.......≈≈
#.#.###.#..#..#.#.......≈≈
#.#...#.#..####.#........≈
#.###.#.#.......#.........
##.###.#.#....†............
#......#.#############.####
########...........##..# #.


You could see a gnoll.

Vanquished Creatures
  An adder (D:1)
  A gnoll (D:1)
  4 ball pythons (D:1)
  A bat (D:1)
  3 endoplasms (D:1)
  A giant cockroach (D:1)
  A goblin (D:1)
  4 hobgoblins (D:1)
  2 quokkas (D:1)
  2 frilled lizards (D:1)
  2 rats (D:1)
22 creatures vanquished.

Notes
Turn   | Place    | Note
-------+----------+-------------------------------------------
     0 | D:1      | Fractals the Human Hunter began the quest for the Orb.
     0 | D:1      | Reached XP level 1. HP: 16/16 MP: 1/1
    54 | D:1      | Reached XP level 2. HP: 22/22 MP: 2/2
   594 | D:1      | Reached XP level 3. HP: 28/28 MP: 3/3
  1060 | D:1      | HP: 1/28 [gnoll (3)]
  1381 | D:1      | Slain by a gnoll

Illustrated notes

Levels and vault maps discovered:
D:1:      dpeg_arrival_pond, layout_basic, grunt_decor_fettered, hex_medium,
          lemuel_old_faithful
D:2:      layout_basic, ebering_ecumenical_altar_sacrificial, chequers_avenue,
          kennysheep_boxes

Skill      XL: |  1  2  3 |
---------------+----------+-----
Stealth        | 2 |  2.6
Fighting       | 3 |  3.0
Slings         | |  4.0
Dodging        | |  2.0

Action                   || total
-------------------------++-------
Melee: Flail             ||    13
 Fire: Hunting sling     ||    51
Armor: Leather armour    ||     7
Dodge: Dodged            ||    24
